AoeStats
← fernando

Golden Pit

509121808Analyzed
1v1 RM · 8d ago on Sep 25, 2026· 40m 10s· 2 players
Game mode
Random Map
Map size
Tiny (2 player)
Population
200
Speed
Normal
Resources
Standard
Victory
Conquest
Starting age
Dark Age
Ending age
Imperial Age
RankedLock teamsTeams togetherTeam positionsShared explorationLock speedFull tech treeHidden civsTurbo modeCheats
Victory
Defeat
🇩🇪 Persians · Germany
1207
+16
🇨🇱 Mongols · Chile
1207
-16
kert_qt
9:20 Feudal Age
11:56 Forging
19:34 Castle Age
18:44 Double-Bit Axe
18:41 Horse Collar
19:32 Fletching
19:39 Loom
20:02 Gold Mining
21:32 Bow Saw
21:58 Bodkin Arrow
23:31 Wheelbarrow
23:25 Padded Archer Armor
23:28 Husbandry
26:42 Hand Cart
31:13 Heavy Plow
36:11 Imperial Age
34:02 Bloodlines
33:59 Scale Barding Armor
34:29 Iron Casting
36:57 Chain Barding Armor
37:38 Blast Furnace
38:06 Chemistry
36:57 Cavalier
39:39 Savar
fernando
11:09 Feudal Age
9:26 Loom
12:51 Horse Collar
14:18 Double-Bit Axe
20:46 Castle Age
20:57 Gold Mining
21:26 Bloodlines
22:24 Wheelbarrow
22:48 Pikeman
25:56 Forging
29:29 Fletching
32:28 Ballistics
33:24 Town Watch
38:17 Heavy Plow
42:10 Imperial Age
40:38 Squires
40:40 Scale Mail Armor
Connection lost

Rejoining the realm…

Still unreachable

The connection could not be restored.

Session expired

The server has moved on; the page needs a fresh start.